 Dungeon Crawl Stone Soup version 0.31.0-12-g77e489cdc1 (webtiles) character file.

Game seed: 14523131926420321473

350 RancidPinata the Covert (level 6, 0/44 HPs)
             Began as an Octopode Delver on Feb 14, 2024.
             Was a Believer of Ru.
             Succumbed to a goblin's poison
             ... on level 2 of the Dungeon.
             The game lasted 00:11:05 (3019 turns).

RancidPinata the Covert (Octopode Delver)           Turns: 3019, Time: 00:11:05

Health: 0/44       AC:  1    Str: 11    XL:     6   Next: 61%
Magic:  6/6        EV: 14    Int: 12    God:    Ru [**....]
Gold:   103        SH:  0    Dex: 16    Spells: 5/5 levels left

rFire   + . .        a - +0 short sword
rCold   . . .        (no shield)
rNeg    . . .        (helmet restricted)
rPois   .            (no amulet)
rElec   .            f - ring of protection from fire
rCorr   .            s - ring of willpower
SInv    +            t - ring of see invisible
Will    +....        (no ring)
Stlth   +++++        (no ring)
HPRegen 0.27/turn    (no ring)
MPRegen 0.10/turn    (no ring)
                     (no ring)

%: no passive effects
@: lethally poisoned (0 -> -20)
A: almost no armour, amphibious, 8 rings, camouflage 1, gelatinous body 1,
inability to use devices, (nimble swimmer 1), tentacles
a: Renounce Religion


You were on level 2 of the Dungeon.
You worshipped Ru.
Ru was pleased with you.
You visited 1 branch of the dungeon, and saw 6 of its levels.

You collected 103 gold pieces.

Inventory:

Hand Weapons
 a - a +0 short sword (weapon)
Missiles
 i - 2 boomerangs (quivered)
 j - 21 stones
 p - 6 poisoned darts
 r - a throwing net
Jewellery
 f - a ring of protection from fire (left tentacle)
 h - a ring of ice
 s - a ring of willpower (right tentacle)
 t - a ring of see invisible (on tentacle)
Scrolls
 b - a scroll of fog
 c - 2 scrolls of revelation
 k - 4 scrolls of blinking {unknown}
 l - 4 scrolls of identify {unknown}
 m - a scroll of amnesia {unknown}
 o - a scroll of butterflies {unknown}
 u - a scroll of enchant armour {unknown}
Potions
 d - a potion of attraction {unknown}
 e - a potion of haste
 g - a potion of resistance {unknown}
 n - 2 potions of degeneration {unknown}
 q - a potion of ambrosia {unknown}


   Skills:
 * Level 4.6 Fighting
 + Level 3.2 Short Blades
 * Level 3.9 Dodging
 * Level 8.2 Stealth


You had 5 spell levels left.
You didn't know any spells.
Your spell library contained the following spells:

 Spells                   Type           Power      Damage    Failure   Level
 Blink                    Tloc           0%         N/A       45%         2
 Lesser Beckoning         Tloc           0%         N/A       45%         2
 Momentum Strike          Conj/Tloc      0%         3d8       45%         2
 Stone Arrow              Conj/Erth      0%         3d7       69%         3
 Conjure Ball Lightning   Conj/Air       0%         3x3d6     100%        6


Dungeon Overview and Level Annotations

Branches:
Dungeon (6/15)             Temple (0/1) D:4

Altars:
Kikubaaqudgha
Qazlal
Ru
Xom

Annotations:
D:3 Jessica, Robin
D:4 Ijyb


Innate Abilities, Weirdness & Mutations

You cannot wear most types of armour.
You are amphibious.
You can wear up to eight rings at the same time.
Your skin changes colour to match your surroundings (Stealth+).
Your rubbery body absorbs attacks. (AC +1, EV +1)
You cannot study or use magical devices.
((You are camouflaged when in or above water. (Stealth+)))
You have tentacles for arms and can constrict up to eight enemies at once.


Message History

You constrict the hobgoblin, but do no damage.
You feel sick. The goblin misses you. The hobgoblin hits you.
You barely miss the hobgoblin. You constrict the hobgoblin.
You feel sick. The goblin barely misses you.
You hit the hobgoblin.
You kill the hobgoblin!
You feel sick.
You barely miss the goblin. Your grab misses the goblin.
You feel sick.
You closely miss the goblin. You grab the goblin. You squeeze the goblin.
The goblin is heavily wounded.
You constrict the goblin.
You kill the goblin!
You feel sick.
The goblin hits you with a +1 dagger of venom.
You are more poisoned.
You closely miss the hobgoblin. Your grab misses the hobgoblin.
You squeeze the hobgoblin, but do no damage.
You feel sick.
The goblin hits you with a +1 dagger of venom.
You are lethally poisoned!
The hobgoblin barely misses you.
You barely miss the hobgoblin. You grab the hobgoblin.
You constrict the hobgoblin.
* * * LOW HITPOINT WARNING * * *
You feel very sick.
The goblin hits you with a +1 dagger of venom.
* * * LOW HITPOINT WARNING * * *
You are more poisoned.
The hobgoblin hits you but does no damage.
You barely miss the hobgoblin.
The hobgoblin is moderately wounded.
You constrict the hobgoblin.
* * * LOW HITPOINT WARNING * * *
You feel very sick. The goblin closely misses you. The hobgoblin hits you.
* * * LOW HITPOINT WARNING * * *
You hit the goblin.
You kill the goblin!
You constrict the hobgoblin.
You die...

########### ..........#
#########.# .....#..#.#
###..#..#.# ####### ........#.#
#...... ###.##.##.# #......
.........)######## #......
###.##.###.....g@# #......
###..#.#.#.#####)##########).....
.........#.# #.........##......
##...#...#.# #.###......#......
.....#####.# #.# #....).'......
...........# #.# #.....##......
#.....###### #.# #.....##......
'.....+..#######.###.....##......
#.....##..........##.....##......


You could see a hobgoblin.

Vanquished Creatures
  Sigmund (D:2)
  A bombardier beetle (D:3)
  A hound (D:4)
  7 adders
  2 dart slugs
  2 orcs (D:4)
  3 ball pythons (D:1)
  5 bats
  5 endoplasms
  4 giant cockroaches
  8 goblins
  2 hobgoblins (D:2)
  2 jackals (D:1)
  4 quokkas
  A frilled lizard (D:3)
  3 kobolds
  7 rats
58 creatures vanquished.

Notes
Turn   | Place    | Note
-------+----------+-------------------------------------------
     0 | D:5      | RancidPinata the Octopode Delver began the quest for the
                  | Orb.
     0 | D:5      | Reached XP level 1. HP: 16/16 MP: 1/1
     1 | D:6      | Noticed a sky beast
    71 | D:5      | Noticed a gnoll bouda
    88 | D:5      | Noticed a bombardier beetle
   140 | D:5      | Reached XP level 2. HP: 21/21 MP: 2/2
   209 | D:4      | Noticed Ijyb
   223 | D:4      | Found a shimmering altar of Xom.
   225 | D:4      | Found a shimmering altar of Xom.
   226 | D:4      | Found a shimmering altar of Xom.
   226 | D:4      | Found a shimmering altar of Xom.
   226 | D:4      | Noticed an ogre
   262 | D:4      | Found a sacrificial altar of Ru.
   270 | D:4      | Became a worshipper of Ru the Awakened
   352 | D:4      | Found a staircase to the Ecumenical Temple.
   382 | D:4      | Noticed a lemure
   430 | D:4      | Found an ancient bone altar of Kikubaaqudgha.
   549 | D:3      | Noticed a bombardier beetle
   555 | D:3      | Killed a bombardier beetle
   556 | D:3      | Reached skill level 7 in Stealth
   556 | D:3      | Reached XP level 3. HP: 26/26 MP: 3/3
   561 | D:3      | Found a stormy altar of Qazlal.
   614 | D:3      | Reached XP level 4. HP: 32/32 MP: 4/4
   734 | D:3      | Noticed Jessica
   824 | D:4      | Noticed a centaur
  1125 | D:3      | Noticed Robin
  1211 | D:2      | Reached XP level 5. HP: 37/37 MP: 5/5
  1235 | D:2      | Noticed Sigmund
  1268 | D:2      | Gained mutation: You cannot study or use magical devices.
                  | [Ru sacrifice]
  1268 | D:2      | Reached * piety under Ru
  1268 | D:2      | Reached ** piety under Ru
  2450 | D:1      | Got the Atlas of Arcane Combat
  2921 | D:2      | Killed Sigmund
  2922 | D:2      | Reached skill level 8 in Stealth
  2922 | D:2      | Reached XP level 6. HP: 44/44 MP: 6/6
  3019 | D:2      | Succumbed to a goblin's poison

Illustrated notes

Levels and vault maps discovered:
D:1:      reono_arrival_forest_river, layout_basic
D:2:      layout_basic, serial_corexii_hall, corexii_hall_statues_t,
          corexii_hall_statues_l, kennysheep_flooded_box,
          nicolae_twisty_statue_hallways, uniq_sigmund
D:3:      layout_loops_ring, yredelemnul_altar_generic, lemuel_crystal_altar,
          serial_shops, shop, uniq_robin, uniq_jessica
D:4:      minmay_evil_eye, layout_basic, lightli_temple_of_fire,
          nicolae_ru_sacrificial_ziggurat, kiku_gazebo_garden_becter,
          gammafunk_temple_overflow_statue, xom_redecorated,
          minmay_temple_entry_statues, minmay_manual_mail, uniq_pikel, uniq_ijyb
D:5:      layout_basic, elyvilon_altar_3, minmay_misc_feat_five,
          palyth_stone_intersect
D:6:      layout_basic, hangedman_decor_peaks_small, chequers_jeans, nrook_uturn

Skill      XL: |  1  2  3  4  5 |
---------------+----------------+-----
Stealth        | 7 8 |  8.2
Dodging        | 3 |  3.9
Fighting       | 4 |  4.6
Short Blades   | 3 |  3.2

Action                     |  1- 3 |  4- 6 || total
---------------------------+-------+-------++-------
  Melee: Short sword       |    13 |    85 ||    98
         Constrict         |     3 |    18 ||    21
         Tentacles         |     2 |    16 ||    18
         Punch             |       |     1 ||     1
 Invoke: Sacrifice Artific |       |     1 ||     1
    Use: Scroll            |       |     1 ||     1
   Stab: Sleeping          |     7 |    19 ||    26
         Distracted        |     1 |       ||     1
         Fleeing           |       |     1 ||     1
 Armour: Skin              |     2 |    43 ||    45
  Dodge: Dodged            |     4 |    48 ||    52
